 Dungeon Crawl Stone Soup version 0.20-a0-1000-g0e8f6bb (webtiles) character file.

4739 FastMan the Cleaver (level 10, -1/94 HPs)
             Began as a Minotaur Berserker on Apr 13, 2017.
             Was a High Priest of Trog.
             Succumbed to a gnoll sergeant's poison
             ... on level 10 of the Dungeon.
             The game lasted 00:06:13 (4545 turns).

FastMan the Cleaver (Minotaur Berserker)            Turns: 4545, Time: 00:06:13

Health: -1/94      AC: 11    Str: 21    XL:     10   Next: 22%
Magic:  9/9        EV:  8    Int:  4    God:    Trog [*****.]
Gold:   154        SH:  0    Dex: 14    Spells: 9/9 levels left

rFire    + . .     SeeInvis .   a - +2 battleaxe
rCold    . . .     Gourm    .   (shield currently unavailable)
rNeg     + . .     Faith    .   f - +0 chain mail
rPois    .         Spirit   .   (helmet restricted)
rElec    .         Reflect  .   (no cloak)
rCorr    .         Harm     .   o - +1 pair of gloves
MR       .....                  (no boots)
Stlth    ..........             (no amulet)
Regen    0.3/turn               b - ring of protection from fire
MPRegen  0.2/turn               v - ring of positive energy

@: lethally poisoned (-1 -> -25), exhausted, slowed, very slow
A: retaliatory headbutt, horns 2
a: Berserk, Trog's Hand, Brothers in Arms, Burn Spellbooks, Renounce Religion


You were on level 10 of the Dungeon.
You worshipped Trog.
Trog was extremely pleased with you.
You were near starving.

You visited 1 branch of the dungeon, and saw 10 of its levels.

You collected 269 gold pieces.
You spent 115 gold pieces at shops.

Inventory:

Hand Weapons
 a - a +2 battleaxe (weapon)
 l - a +0 hand axe
Armour
 f - a +0 chain mail (worn)
 o - a +1 pair of gloves (worn)
Jewellery
 b - a ring of protection from fire (left hand)
 v - a ring of positive energy (right hand)
Scrolls
 c - a scroll of fog {unknown}
 e - a scroll of fear
 h - 2 scrolls of blinking {@r4}
 p - a scroll of remove curse {@r2}
 t - 8 scrolls of teleportation {@r3}
 x - a scroll of enchant weapon
Potions
 d - 3 potions of heal wounds {@q2}
 i - 2 potions of lignification
 j - a potion of berserk rage
 m - 2 potions of flight {unknown}
 n - a potion of might {unknown}
 r - 3 potions of haste {unknown}
Books
 u - a book of Beasts

   Spells                             Type                      Level
   a - Summon Butterflies             Summoning                    1
   b - Call Canine Familiar           Summoning                    3
   c - Summon Ice Beast               Ice/Summoning                4
   d - Summon Mana Viper              Hexes/Summoning              5
   e - Summon Hydra                   Summoning                    7
   Trog disapproves of the use of such an item.
Comestibles
 g - 6 royal jellies {@e3}
 k - 7 fruits {@e4}
 q - a bread ration {@e1}


   Skills:
 + Level 10.8 Fighting
 * Level 14.1 Axes
 + Level 4.2 Armour
 - Level 2.1 Dodging


You had 9 spell levels left.
You didn't know any spells.

Dungeon Overview and Level Annotations

Branches:
Dungeon (10/15)            Temple (0/1) D:7
   Lair: D:8-11         Orc: D:9-12

Altars:
Ru
Trog

Shops:
D:6 [**}   D:9 :

Annotations:
D:10 Erica, Sonja


Innate Abilities, Weirdness & Mutations

You reflexively headbutt those who attack you in melee.
You have a pair of horns on your head.


Message History

* * * LOW HITPOINT WARNING * * *
The jackal bites you but does no damage.
Something hits you.
* * * LOW HITPOINT WARNING * * *
The gnoll closely misses you.
The jackal bites you but does no damage.
The gnoll hits you.
* * * LOW HITPOINT WARNING * * *
The gnoll sergeant hits you with a trident of venom.
* * * LOW HITPOINT WARNING * * *
You are more poisoned.
You closely miss the gnoll.
The gnoll is severely wounded.
You closely miss something. You completely miss the jackal.
You slash the gnoll sergeant!
You kill the gnoll sergeant!
Trog accepts your kill.
You barely miss the jackal.
You feel less confused.
You die...

##### #...####
#...(..#
###......#
#....._..#
#####........#
.....g.......#
#.g<...#
#.@h)..#
#.h)...#
#......#
#......#
##..#..#
#s.##.# ...#
.. .... #.#


You could see a scorpion, 2 gnolls and 2 jackals.

Vanquished Creatures
  A cyclops (D:7)
  A troll (D:9)
  Grinder (D:5)
  A hippogriff (D:7)
  2 vampires
  2 hungry ghosts
  2 water moccasins (D:6)
  A black bear (D:8)
  A necrophage (D:7)
  2 ice beasts
  2 centaurs
  4 ogres
  4 bullfrogs
  A gnoll sergeant (D:10)
  A wyvern zombie (D:6)
  2 water moccasin skeletons
  5 wights (D:7)
  5 howler monkeys
  2 bullfrog zombies (D:6)
  2 centaur zombies
  3 hounds
  6 orc priests
  8 orc wizards
  Jessica (D:2)
  2 centaur skeletons (D:6)
  Ijyb (D:3)
  Terence (D:2)
  3 iguanas
  A bullfrog skeleton (D:6)
  7 worker ants
  3 hound zombies
  2 worker ant zombies
  7 gnolls
  2 adders
  3 shadow imps (D:5)
  3 adder zombies (D:6)
  An ooze (D:5)
  3 adder skeletons
  2 dart slugs
  A leopard gecko (D:3)
  14 orcs
  2 bats (D:1)
  5 giant cockroaches
  9 goblins
  4 hobgoblins
  5 jackals
  A kobold (D:1)
  4 quokkas
  A ball python (D:3)
  A frilled lizard (D:5)
  A leopard gecko skeleton (D:6)
  A leopard gecko zombie (D:6)
  2 quokka zombies
  4 rats
156 creatures vanquished.

Notes
Turn   | Place    | Note
-------+----------+-------------------------------------------
     0 | D:1      | FastMan the Minotaur Berserker began the quest for the Orb.
     0 | D:1      | Reached XP level 1. HP: 19/19 MP: 0/0
   127 | D:1      | Reached skill level 4 in Axes
   198 | D:1      | Reached XP level 2. HP: 27/27 MP: 1/1
   456 | D:2      | Noticed Jessica
   460 | D:2      | Killed Jessica
   460 | D:2      | Reached XP level 3. HP: 33/33 MP: 2/2
   535 | D:2      | Noticed Terence
   544 | D:2      | Killed Terence
   544 | D:2      | Reached skill level 5 in Axes
   544 | D:2      | Reached XP level 4. HP: 15/41 MP: 3/3
   998 | D:3      | Noticed Ijyb
  1010 | D:3      | Killed Ijyb
  1150 | D:3      | Reached ** piety under Trog
  1188 | D:3      | Reached skill level 5 in Fighting
  1202 | D:4      | Reached skill level 6 in Axes
  1202 | D:4      | Reached XP level 5. HP: 40/48 MP: 4/4
  1625 | D:4      | Reached XP level 6. HP: 51/56 MP: 5/5
  1651 | D:4      | Reached skill level 7 in Axes
  1781 | D:5      | Entered Level 5 of the Dungeon
  2207 | D:5      | Reached skill level 8 in Axes
  2238 | D:5      | Reached XP level 7. HP: 37/64 MP: 6/6
  2302 | D:5      | Noticed Grinder
  2308 | D:5      | Killed Grinder
  2308 | D:5      | Reached skill level 9 in Axes
  2367 | D:6      | Found Japse's Gadget Shoppe.
  2462 | D:6      | Reached *** piety under Trog
  2463 | D:6      | Found Wusesh's Antique Armour Boutique.
  2491 | D:6      | Reached XP level 8. HP: 59/73 MP: 7/7
  2518 | D:6      | Found Gemicor's Assorted Antiques.
  2532 | D:6      | Found Laelorus's General Store.
  2540 | D:6      | Reached skill level 10 in Axes
  2564 | D:6      | Bought a scroll of teleportation for 33 gold pieces
  2564 | D:6      | Bought a scroll of enchant weapon for 82 gold pieces
  2839 | D:7      | Reached skill level 11 in Axes
  2880 | D:7      | Noticed a cyclops
  2891 | D:7      | Killed a cyclops
  2891 | D:7      | Reached XP level 9. HP: 33/83 MP: 8/8
  3233 | D:7      | Found a staircase to the Ecumenical Temple.
  3241 | D:7      | Reached skill level 12 in Axes
  3527 | D:7      | Reached **** piety under Trog
  3536 | D:7      | Reached skill level 13 in Axes
  3541 | D:7      | Reached skill level 10 in Fighting
  3710 | D:7      | Found a bloodstained altar of Trog.
  4138 | D:9      | Reached XP level 10. HP: 49/94 MP: 9/9
  4221 | D:9      | Found Bukoijuo's Book Boutique.
  4311 | D:9      | Reached skill level 14 in Axes
  4383 | D:10     | Entered Level 10 of the Dungeon
  4383 | D:10     | Noticed Sonja
  4533 | D:10     | Found a sacrificial altar of Ru.
  4533 | D:10     | Noticed Erica
  4539 | D:10     | Reached ***** piety under Trog
  4544 | D:10     | HP: 3/94 [gnoll sergeant/trident of venom (4)]
  4545 | D:10     | Succumbed to a gnoll sergeant's poison

Vault maps used:
D:1:      sevenhm_arrival_forest_fort_small_6
D:2:      nicolae_gozag_zags_fifth_avenue, uniq_jessica, uniq_terence
D:3:      lemuel_blue_sif_altar, uniq_iyjb
D:4:      corexii_shantytown, first_bread, nicolae_ru_sacrificial_ziggurat
D:5:      uniq_grinder
D:6:      serial_shops, shop, nicolae_shop_overgrown_old_shop, shop, shop,
          serial_undead, serial_undead_d, serial_undead_d, serial_undead_a,
          serial_undead_f, serial_undead_c, serial_undead_a
D:7:      bloody_trog, minmay_temple_entry_trees, serial_shops, shop,
          enter_bailey_3, grunt_livestock
D:8:      chequers_ossuary_entry_cave
D:9:      serial_shops, nicolae_shop_trees, serial_park_tiny_2
D:10:     basic_altar, glass_columns_c, uniq_sonja, uniq_erica

Skill      XL: |  1  2  3  4  5  6  7  8  9 10 |
---------------+-------------------------------+-----
Axes           | 4 5 6 8 9 11 13 14 | 14.1
Fighting       | 4 5 6 7 9 10 | 10.8
Armour         | 3 4 |  4.2
Dodging        | |  2.1

Action                   |  1- 3 |  4- 6 |  7- 9 | 10-12 || total
-------------------------+-------+-------+-------+-------++-------
Melee: Hand axe          |    38 |   134 |   203 |       ||   375
       Headbutt          |     7 |    32 |    56 |     9 ||   104
       Unarmed           |       |     5 |       |       ||     5
       Battleaxe         |       |       |    47 |    30 ||    77
Invok: Berserk           |     1 |     5 |    10 |     2 ||    18
       Burn Spellbooks   |       |       |     1 |     1 ||     2
       Trog's Hand       |       |       |     1 |       ||     1
  Use: Scroll            |       |       |    11 |       ||    11
  Eat: Chunk             |       |     9 |    14 |     5 ||    28
       Bread ration      |       |       |     1 |       ||     1
Armor: Animal skin       |     5 |       |       |       ||     5
       Chain mail        |       |    49 |   142 |    59 ||   250
Dodge: Dodged            |    17 |    51 |    92 |    32 ||   192
